 Dungeon Crawl Stone Soup version 0.30-a0-1074-g5db6f66fbb (webtiles) character file.

Game seed: 7661607062473169898

577 pokedragonboy the Chopper (level 7, 0/39 HPs)
             Began as a Gargoyle Chaos Knight on Apr 13, 2023.
             Was a Plaything of Xom.
             Slain by a polar bear (3 damage)
             ... on level 5 of the Dungeon.
             The game lasted 00:09:01 (4055 turns).

pokedragonboy the Chopper (Gargoyle Chaos Knight)   Turns: 4055, Time: 00:09:01

Health: 0/39       AC: 18    Str: 16    XL:     7   Next: 35%
Magic:  7/7        EV:  7    Int: 12    God:    Xom [......]
Gold:   235        SH:  0    Dex: 13    Spells: 6/6 levels left

rFire   . . .      SeeInvis .    a - +0 hand axe (chaos)
rCold   . . .      Faith    .    (no shield)
rNeg    + . .      Spirit   .    w - +0 chain mail
rPois   ∞          Reflect  .    (no helmet)
rElec   +          Rampage  .    (no cloak)
rCorr   .                        s - +2 pair of gloves
Will    .....                    h - +0 pair of boots Stlth
                                 r - amulet of the acrobat
HPRegen 1.06/turn                (no ring)
MPRegen 0.10/turn                (no ring)

@: invisible
A: sickness immunity, AC +4, negative energy resistance 1, electricity
resistance, torment resistance 1, petrification resistance, talons 1, agile 1,
frail 1, regeneration 1, wild magic 1
a: Renounce Religion


You were on level 5 of the Dungeon.
You worshipped Xom.
You were a very special plaything of Xom.
You visited 1 branch of the dungeon, and saw 5 of its levels.

You collected 235 gold pieces.

Inventory:

Hand Weapons
 a - a +0 hand axe of chaos (weapon)
 i - a +1 dagger of venom
 o - a +3 dagger
 v - a +0 war axe
Armour
 h - a +0 pair of boots (worn)
 s - a +2 pair of gloves (worn)
 w - a +0 chain mail (worn)
Jewellery
 d - an amulet of magic regeneration
 r - an amulet of the acrobat (around neck)
Scrolls
 f - a scroll of fear {unknown}
 g - a scroll of blinking {unknown}
 k - 2 scrolls of identify {unknown}
 l - a scroll of torment {unknown}
 n - a scroll of immolation {unknown}
 p - 5 scrolls of teleportation {unknown}
 q - a scroll of vulnerability {unknown}
Potions
 b - a potion of mutation {unknown}
 e - a potion of lignification {unknown}
 m - a potion of magic {unknown}
 t - a potion of curing
 u - a potion of haste
Miscellaneous
 c - a piece from Xom's chessboard (1/15) (quivered)


   Skills:
 + Level 5.0 Fighting
 * Level 5.1 Axes
 + Level 4.3 Armour
 - Level 0.8 Dodging
 + Level 2.8 Evocations


You had 6 spell levels left.
You didn't know any spells.
Your spell library contained the following spells:

 Spells                   Type           Power      Damage    Failure   Level
 Tukima's Dance           Hex            0%         N/A       100%        3
 Passage of Golubria      Tloc           0%         N/A       100%        4
 Yara's Violent Unravell  Hex/Tmut       0%         3d3       100%        5


Dungeon Overview and Level Annotations

Branches:
Dungeon (5/15)
 Temple: D:4-7

Altars:
Cheibriados
Dithmenos
Gozag
Okawaru
Ru
Wu Jian
Zin
The Shining One


Innate Abilities, Weirdness & Mutations

You are immune to sickness and miasma.
Your stone body is resilient. (AC +4)
You are immune to poison.
You resist negative energy. (rN+)
You are resistant to electric shocks. (rElec)
You are resistant to unholy torment.
You are immune to petrification.
You have sharp toenails.
You are agile. (Dex +4, Str/Int -1)
You are frail. (-10% HP)
Your natural rate of healing is unusually fast.
Your spells are a little harder to cast, but a little more powerful.


Message History

You make a move on Xom's chessboard...
The polar bear seems to speed up.
Non-targeted evoke: piece from Xom's chessboard (5/15)
Press: ? - help, Q - select action Dir - look around, f - activate You make a move on Xom's chessboard...
The polar bear twists and deforms.
You hit the polar bear.
The polar bear goes berserk!
The polar bear is lightly wounded.
The polar bear bites you but does no damage.
The polar bear claws you but does no damage. x2
The polar bear bites you but does no damage.
The polar bear completely misses you.
The polar bear claws you but does no damage.
Non-targeted evoke: piece from Xom's chessboard (4/15)
Press: ? - help, Q - select action Dir - look around, f - activate You make a move on Xom's chessboard...
The polar bear twists and deforms.
The polar bear bites you.
The polar bear claws you but does no damage. x2
Unknown command.
Non-targeted evoke: piece from Xom's chessboard (3/15)
Press: ? - help, Q - select action Dir - look around, f - activate You make a move on Xom's chessboard...
The polar bear flickers and vanishes!
Deactivating autopickup; reactivate with Ctrl-A.
Something bites you!
Something claws you but does no damage. x2
Something bites you but does no damage. Something claws you.
Something claws you but does no damage.
Non-targeted evoke: piece from Xom's chessboard (2/15)
Press: ? - help, Q - select action Dir - look around, f - activate You can't see anything.
Try to make a move anyway?
You make a move on Xom's chessboard...
Nothing appears to happen.
Something bites you!
Something claws you but does no damage. x2
It was a potion of invisibility.
You fade into invisibility!
Something bites you!
* * * LOW HITPOINT WARNING * * *
Something claws you.
* * * LOW HITPOINT WARNING * * *
Something claws you.
* * * LOW HITPOINT WARNING * * *
Something bites you but does no damage. Something claws you.
You die... "Huh?
Did I miss anything?"

###...### ##.h#
#...#.# # #.#.#.# #
#.#.#.# . #.#.#.#.#
#.#.#.#.# #.#.#.#.#
#.#{#.#.# #.#@#.#.#
#.#.#.#.#
#.#.#.#.#####
#...#.# . ...###
#..##.# # #...#
##.##########..###
#..........#....##.
###.######.#.#.....
##.# #.#.#..###


There were no monsters in sight!

Vanquished Creatures
  An ice beast (D:5)
  A tengu (D:3)
  3 hounds
  2 sleepcaps (D:4)
  An iguana (D:4)
  An orc wizard (D:4)
  11 adders
  A river rat (D:1)
  4 worms
  2 dart slugs
  3 orcs
  7 ball pythons
  9 endoplasms
  4 giant cockroaches
  8 goblins
  11 hobgoblins
  10 jackals
  6 kobolds
  2 quokkas
  6 bats
  3 frilled lizards
  4 rats
100 creatures vanquished.

Vanquished Creatures (collateral kills)
  A jackal (D:2)
1 creature vanquished.

Vanquished Creatures (others)
  2 plants (D:3)
2 creatures vanquished.

Grand Total: 103 creatures vanquished

Notes
Turn   | Place    | Note
-------+----------+-------------------------------------------
     0 | D:1      | pokedragonboy the Gargoyle Chaos Knight began the quest for
                  | the Orb.
     0 | D:1      | Reached XP level 1. HP: 14/14 MP: 1/1
   227 | D:1      | Reached XP level 2. HP: 19/19 MP: 2/2
   305 | D:1      | XOM: cloud trail
   309 | D:1      | XOM: divination: magic mapping
   326 | D:1      | XOM: smoke on damage
   615 | D:1      | Reached XP level 3. HP: 23/23 MP: 3/3
   688 | D:1      | XOM: god gift: 21 gold pieces
   692 | D:1      | XOM: polymorph kobold -> river rat
   832 | D:1      | XOM: scenery: summon butterflies
   834 | D:1      | XOM: torment (19/23 hp)
  1010 | D:2      | XOM: enchant monster (bad)
  1021 | D:2      | XOM: confuse monster(s)
  1091 | D:2      | Reached skill level 1 in Evocations
  1229 | D:2      | Reached XP level 4. HP: 27/29 MP: 4/4
  1577 | D:2      | XOM: summons friendly ufetubus
  1672 | D:2      | XOM: scenery: 1 doors open
  1898 | D:3      | XOM: stat loss: -1 Str (16/17)
  1981 | D:3      | XOM: stat loss: -1 Str (15/17)
  2249 | D:3      | Reached XP level 5. HP: 33/33 MP: 5/5
  2259 | D:3      | Found a sacrificial altar of Ru.
  2290 | D:3      | XOM: give mutations
  2290 | D:3      | Gained mutation: Your spells are a little harder to cast,
                  | but a little more powerful. [Xom's mischief]
  2290 | D:3      | Gained mutation: You have sharp toenails. [Xom's mischief]
  2290 | D:3      | Gained mutation: You are agile. (Dex +4, Str/Int -1) [Xom's
                  | mischief]
  2343 | D:3      | Found a glowing silver altar of Zin.
  2622 | D:3      | a bat changed into a tengu
  2622 | D:3      | Noticed a tengu
  2623 | D:3      | XOM: torment (27/33 hp)
  2639 | D:3      | Killed a tengu
  2640 | D:3      | Reached XP level 6. HP: 27/39 MP: 6/6
  2653 | D:3      | XOM: stat loss: -1 Str (15/16)
  2937 | D:3      | XOM: give mutations
  2937 | D:3      | Gained mutation: You are frail. (-10% HP) [Xom's mischief]
  2937 | D:3      | Gained mutation: Your natural rate of healing is unusually
                  | fast. [Xom's mischief]
  3152 | D:4      | XOM: stealth player
  3231 | D:4      | XOM: blink monster(s)
  3234 | D:4      | XOM: noise
  3309 | D:4      | Found a glowing golden altar of the Shining One.
  3410 | D:4      | Found a shadowy altar of Dithmenos.
  3410 | D:4      | Found an ornate altar of the Wu Jian Council.
  3410 | D:4      | Found an opulent altar of Gozag.
  3459 | D:4      | Found a snail-covered altar of Cheibriados.
  3487 | D:4      | Found an iron altar of Okawaru.
  3596 | D:4      | Reached XP level 7. HP: 39/39 MP: 7/7
  3897 | D:5      | Entered Level 5 of the Dungeon
  3945 | D:5      | XOM: summons 3 hostile demons
  3992 | D:5      | Reached skill level 5 in Axes
  4015 | D:5      | Reached skill level 5 in Fighting
  4035 | D:5      | a black bear changed into a polar bear
  4035 | D:5      | Noticed a polar bear
  4035 | D:5      | XOM: polymorph black bear -> polar bear
  4055 | D:5      | Slain by a polar bear

Illustrated notes

Levels and vault maps discovered:
D:1:      dpeg_arrival_simpleton_c, layout_basic
D:2:      layout_basic
D:3:      layout_basic, mainiacjoe_overflow_alcove_4, nicolae_ru_awakened_eye,
          serial_forest, infiniplex_forest_end_2, infiniplex_forest_straight_2,
          infiniplex_forest_end_3, infiniplex_forest_corner_1,
          infiniplex_forest_straight_4, infiniplex_forest_clump_diagonal,
          infiniplex_forest_lined_room_3, roderic_filled_cross,
          kennysheep_decorative_pillar
D:4:      layout_rooms, nicolae_tso_carved_into_rock,
          mainiacjoe_overflow_large_starburst, gammafunk_temple_overflow_claw,
          minmay_misc_feat_roman, nicolae_half_adder
D:5:      layout_rooms, mainiacjoe_overflow_six_doors_small,
          serial_co_window_serial, co_window_paths_b,
          co_window_of_opportunity_a, co_window_of_opportunity_a,
          co_window_corner_a, co_window_paths_a, co_window_of_opportunity_c,
          co_window_cross_2, co_window_of_opportunity_b, co_window_paths_c,
          co_window_of_opportunity_b, co_window_sun, glass_columns_b,
          glass_columns_c, glass_columns_a, glass_columns_b, glass_columns_a,
          dk_vineyard_3, grunt_ministairs_4

Skill      XL: |  1  2  3  4  5  6  7 |
---------------+----------------------+-----
Axes           | 3 4 5 |  5.1
Evocations     | 1 2 |  2.8
Armour         | 3 4 |  4.3
Fighting       | 4 5 |  5.0
Dodging        | |  0.8

Action                     |  1- 3 |  4- 6 |  7- 9 || total
---------------------------+-------+-------+-------++-------
  Melee: Hand axe          |   115 |   259 |    39 ||   413
         Punch             |     1 |     2 |     1 ||     4
  Evoke: Piece from Xom's  |     3 |    15 |     7 ||    25
    Use: Potion            |       |     3 |     1 ||     4
   Stab: Paralysed         |     1 |     1 |     2 ||     4
         Confused          |     1 |       |       ||     1
         Sleeping          |       |     1 |       ||     1
         Petrified         |       |       |     2 ||     2
 Armour: Leather armour    |    73 |   131 |       ||   204
         Chain mail        |       |    27 |    50 ||    77
  Dodge: Dodged            |    84 |   196 |    24 ||   304

Table legend: (Time is in decaauts)
 A = Elapsed time spent in this place.
 B = Non-inter-level travel time spent in this place.
 C = Inter-level travel time spent in this place.
 D = Time resting spent in this place.
 E = Time spent auto-exploring this place.
 F = Levels seen in this place.
 G = Mean time per level.
                   A        B        C        D        E       F      G
               +--------+--------+--------+--------+--------+-----+--------+
         Total |   4083 |   3942 |    141 |    152 |   2834 |   5 |  816.6 |
       Dungeon |   4083 |   3942 |    141 |    152 |   2834 |   5 |  816.6 |
               +--------+--------+--------+--------+--------+-----+--------+

Top non-repeatable levels by time:
     D:3: 1283 daAuts
     D:1: 1015 daAuts
     D:2: 888 daAuts
     D:4: 735 daAuts
     D:5: 160 daAuts
